 Dungeon Crawl Stone Soup version 0.28.0-45-g0d030f2227 (webtiles) character file.

Game seed: 11968512539876157926

745 101zpm the Magician (level 8, -2/51 HPs)
             Began as a Djinni Ice Elementalist on Apr 11, 2022.
             Slain by a scorpion (3 damage)
             ... on level 5 of the Dungeon.
             The game lasted 00:16:47 (6930 turns).

101zpm the Magician (Djinni Ice Elementalist)       Turns: 6930, Time: 00:16:49

Health: -2/51      AC:  2    Str:  9    XL:     8   Next: 5%
Gold:   268        EV: 13    Int: 21    God:
                   SH:  0    Dex: 15

rFire   + + .      SeeInvis .   t - +3 spear of Courage {venom, rPois Str+2 Int+3}
rCold   x . .      Faith    .   (no shield)
rNeg    . . .      Spirit   .   a - +0 robe
rPois   ∞          Reflect  .   (no helmet)
rElec   .          Harm     .   (no cloak)
rCorr   .          Rampage  .   (no gloves)
Will    .....                   (boots unavailable)
Stlth   ++........              (no amulet)
HPRegen 0.17/turn               (no ring)
MPRegen 0.00/turn               (no ring)

@: freezing walls, flying
A: sickness immunity, fire resistance 2, cold vulnerability 1, float, innate
caster, HP casting, extra vitality 1
a: no special abilities


You were on level 5 of the Dungeon.
You visited 1 branch of the dungeon, and saw 6 of its levels.

You collected 268 gold pieces.

Inventory:

Hand Weapons
 e - a +4 hunting sling of freezing
 t - the +3 spear of Courage (weapon) {venom, rPois Str+2 Int+3}
   (You found it on level 4 of the Dungeon)

   It poisons the flesh of those it strikes.
   Str:       It affects your strength (+2).
   Int:       It affects your intelligence (+3).
   rPois:     It protects you from poison.
Armour
 a - a +0 robe (worn)
Magical Staves
 c - a staff of fire
 y - a staff of death
Jewellery
 j - a ring of fire
 n - a +6 ring of dexterity
Wands
 u - a wand of paralysis (10)
Scrolls
 f - a scroll of blinking {unknown}
 g - 3 scrolls of noise {unknown}
 h - 2 scrolls of fear {unknown}
 o - 3 scrolls of identify {unknown}
 p - a scroll of silence {unknown}
 r - 2 scrolls of teleportation {unknown}
 w - a scroll of holy word {unknown}
 A - a scroll of enchant weapon {unknown}
Potions
 b - 3 potions of curing {unknown}
 d - a potion of attraction {unknown}
 i - a potion of lignification {unknown}
 k - a potion of haste {unknown}
 l - 2 potions of ambrosia {unknown}
 m - a potion of flight {unknown}
 q - a potion of brilliance {unknown}
 s - a potion of degeneration {unknown}
 v - a potion of heal wounds {unknown}
 x - a potion of might {unknown}
 z - a potion of mutation {unknown}


   Skills:
 + Level 0.7 Fighting
 + Level 0.2 Staves
 + Level 3.0 Dodging
 + Level 2.9 Stealth
 + Level 6.6 Spellcasting


You had 3 spell levels left.
You knew the following spells:

 Your Spells              Type           Power      Damage    Failure   Level
a - Freeze                Ice            100%       1d11      1%          1
b - Frozen Ramparts       Ice            68%        1d8       1%          3
c - Ozocubu's Armour      Ice            34%        N/A       1%          3
d - Hailstorm             Conj/Ice       34%        3d9       6%          4
e - Magic Dart            Conj           100%       1d8       1%          1
f - Call Imp              Summ           34%        N/A       1%          2
g - Portal Projectile     Hex/Tloc       68%        N/A       1%          3
Your spell library was empty.

Dungeon Overview and Level Annotations

Branches:
Dungeon (6/15)
 Temple: D:4-7

Altars:
Dithmenos
Hepliaklqana

Shops:
D:3 (:


Innate Abilities, Weirdness & Mutations

You are immune to sickness and miasma.
You are immune to poison.
Your flesh is very heat resistant. (rF++)
You are vulnerable to cold. (rC-)
You float through the air rather than walking.
You learn spells naturally, not from books.
Your magical power is your life essence.
You have superior vitality. (+4 MHP)


Message History

t - Shout!
Orders for allies: a - Attack new target. p - Attack previous target. r - Retreat! s - Stop attacking. g - Guard the area. f - Follow me.
Anything else - Cancel.
Gang up on whom?
Press: ? - help, Dir - move target, f/p - ice beast
Aim: an ice beast (heavily wounded, ally target) Attack!
The ice beast hits you. The ice beast freezes you!
You feel a terrible chill!
* * * LOW HITPOINT WARNING * * *
Your crimson imp hits the ice beast but does no damage.
A scorpion comes into view.
Your crimson imp blinks!
Your crimson imp blinks!
The scorpion stings you.
* * * LOW HITPOINT WARNING * * *
There is a stone staircase leading up here.
Sorry, you're not good enough to have a special ability.
The scorpion barely misses you.
The scorpion stings you but does no damage.
You fly upwards.
There is a stone staircase leading down here.
Casting: Magic Dart (safe; 1% risk of failure)
Confirm with . or Enter, or press ? or * to list all spells.
Casting: Frozen Ramparts (safe; 1% risk of failure)
Press: ? - help, Dir - look around, f - activate The walls around you are covered in ice.
* * * LOW HITPOINT WARNING * * *
The wall freezes the scorpion.
The scorpion completely misses you.
Casting: Frozen Ramparts (safe; 1% risk of failure)
Confirm with . or Enter, or press ? or * to list all spells.
Aiming: Freeze (safe; 1% risk of failure)
Press: ? - help, Shift-Dir - straight line, f - scorpion
Aim: a scorpion (lightly wounded)
You freeze the scorpion.
The scorpion is moderately wounded.
* * * LOW HITPOINT WARNING * * *
The wall freezes the scorpion.
The scorpion stings you.
You die...

#. #.#.#
##.#?#
...#.##
##...##
##.....###
#.....s@.#
#....>.#.#
#...<..#.#
##.....#..
##.#######
#. ##


You could see a scorpion.

Vanquished Creatures
  A black bear (D:4)
  An ogre (D:4)
  A bullfrog (D:6)
  A scorpion (D:4)
  A water moccasin skeleton (D:4)
  A jelly (D:3)
  A centaur skeleton (D:6)
  A hound (D:4)
  Terence (D:2)
  An iguana (D:4)
  4 gnolls (D:3)
  5 adders
  2 worms
  3 dart slugs
  13 orcs
  5 bats
  9 endoplasms
  2 giant cockroaches
  9 goblins
  4 hobgoblins
  2 kobolds
  2 quokkas (D:1)
  7 ball pythons
  2 frilled lizards
  6 rats
85 creatures vanquished.

Vanquished Creatures (collateral kills)
  An ogre (D:3)
  A dart slug (D:4)
2 creatures vanquished.

Grand Total: 87 creatures vanquished

Notes
Turn   | Place    | Note
-------+----------+-------------------------------------------
     0 | D:1      | 101zpm the Djinni Ice Elementalist began the quest for the
                  | Orb.
     0 | D:1      | Reached XP level 1. HP: 15/15 MP: 0/0
   369 | D:1      | Reached XP level 2. HP: 14/21 MP: 0/0
  1252 | D:1      | Found a faded altar of an unknown god.
  1521 | D:2      | Reached XP level 3. HP: 8/25 MP: 0/0
  1521 | D:2      | Learned a level 1 spell: Magic Dart
  2412 | D:2      | Noticed Terence
  2420 | D:2      | Killed Terence
  2421 | D:2      | Reached skill level 4 in Spellcasting
  2421 | D:2      | Reached XP level 4. HP: 19/31 MP: 0/0
  3272 | D:2      | Reached XP level 5. HP: 34/35 MP: 0/0
  3272 | D:2      | Learned a level 2 spell: Call Imp
  4198 | D:3      | Found Iqotaawn's Antique Weapon Shop.
  4202 | D:3      | Reached XP level 6. HP: 38/40 MP: 0/0
  4462 | D:3      | Found Bemmoowerph's Book Shop.
  4591 | D:3      | Noticed an ogre
  4598 | D:3      | Killed an ogre
  4599 | D:3      | Reached skill level 5 in Spellcasting
  5526 | D:4      | Noticed an ogre
  5533 | D:4      | Killed an ogre
  5534 | D:4      | Reached XP level 7. HP: 37/46 MP: 0/0
  5534 | D:4      | Learned a level 3 spell: Portal Projectile
  5612 | D:4      | Identified the +3 spear of Courage {venom, rPois Str+2
                  | Int+3}
  5820 | D:4      | Reached skill level 6 in Spellcasting
  6516 | D:4      | Found a hazy altar of Hepliaklqana.
  6524 | D:4      | Found a shadowy altar of Dithmenos.
  6524 | D:4      | Noticed a shadow
  6633 | D:5      | Entered Level 5 of the Dungeon
  6643 | D:6      | Reached XP level 8. HP: 37/51 MP: 0/0
  6930 | D:5      | Slain by a scorpion

Illustrated notes

Levels and vault maps discovered:
D:1:      amcnicky_arrival_feature_with_door, layout_basic,
          dilly_ecumenical_altar_fadedgnrine, dk_noncrumbling_2
D:2:      layout_rooms, minmay_increasing_density, uniq_terence
D:3:      layout_loops_corners, serial_shops, nicolae_diamond_shop, shop
D:4:      layout_loops_cross, riverfiend_overflow_shadow_ancestor
D:5:      layout_loops_ring, serial_shops, shop_statue
D:6:      black_bear_nest_1, layout_loops_ring,
          nicolae_uskayaw_murder_on_the_dancefloor, gup_sewer_entry_glass

Skill      XL: |  1  2  3  4  5  6  7 |
---------------+----------------------+-----
Stealth        | 2 |  2.9
Spellcasting   | 4 5 6 |  6.6
Dodging        | 3 |  3.0
Fighting       | |  0.7
Staves         | |  0.2

Action                   |  1- 3 |  4- 6 |  7- 9 || total
-------------------------+-------+-------+-------++-------
Melee: Staff             |     9 |       |       ||     9
 Cast: Freeze            |    30 |     3 |     2 ||    35
       Magic Dart        |    18 |   101 |    59 ||   178
       Frozen Ramparts   |     2 |    13 |     8 ||    23
       Call Imp          |       |     6 |     4 ||    10
 Stab: Sleeping          |     1 |       |       ||     1
Armor: Robe              |     8 |     3 |     2 ||    13
Dodge: Dodged            |    11 |     7 |    10 ||    28
